General information
- name: BNet
- type: Ladder team game (AT/RT)
- host: Battle.net
- saver: TheHammer.
map: DragonFalls
- players: 8
- length: 05:08
- speed: Fast
- version: 1.26 W3XP
- replay type: Public
» download(32 KB)
Players
team 1 (winner)

»
Elders (
pink | 18 APM | 95 actions | 05:08)
» actions
| Basic commands | 9 | |
| Build / train | 8 | |
| Enter build submenu | 6 | |
| Right click | 28 | |
| Select / deselect | 38 | |
| Use ability | 6 | |
95 total
» units
| Acolyte | 2 | |
| Ghoul | 2 | |
| Crypt Fiend | 2 | |
6 total
» buildings
| Crypt | 1 | |
| Graveyard | 1 | |
| Ziggurat | 2 | |
| Altar of Darkness | 1 | |
| Tomb of Relics | 1 | |
| Nerubian Tower | 1 | |
7 total
» build order
01:49 Crypt
02:00 Graveyard
02:25 Ziggurat
02:36 Altar of Darkness
03:00 Ziggurat
03:20 Tomb of Relics
04:06 Nerubian Tower
chaosgruntult (
orange | 40 APM | 200 actions | 05:00)
1 Demon Hunter
1 Immolation
» actions
| Assign group hotkey | 1 | |
| Basic commands | 3 | |
| Build / train | 21 | |
| Enter build submenu | 9 | |
| Enter hero's abilities submenu | 1 | |
| Right click | 58 | |
| Select / deselect | 95 | |
| Use ability | 12 | |
200 total
» units
» buildings
| Altar of Elders | 1 | |
| Moon Well | 3 | |
| Ancient of War | 1 | |
| Ancient of Wonders | 1 | |
| Hunter's Hall | 1 | |
| Ancient Protector | 2 | |
9 total
» build order
00:09 Altar of Elders
00:13 Moon Well
00:56 Moon Well
01:33 Ancient of War
02:01 Ancient of Wonders
02:30 Hunter's Hall
03:11 Moon Well
03:37 Ancient Protector
03:46 Ancient Protector
LQL (
purple | 53 APM | 236 actions | 04:24)
1 Blademaster
1 Wind Walk
» actions
| Assign group hotkey | 15 | |
| Basic commands | 21 | |
| Build / train | 15 | |
| Enter build submenu | 6 | |
| Enter hero's abilities submenu | 2 | |
| Right click | 63 | |
| Select / deselect | 89 | |
| Select group hotkey | 10 | |
| Use ability | 15 | |
236 total
» units
» buildings
| Orc Burrow | 2 | |
| Altar of Storms | 1 | |
| Barracks | 1 | |
| Stronghold | 1 | |
| Voodoo Lounge | 1 | |
6 total
» build order
00:11 Orc Burrow
00:30 Altar of Storms
00:34 Barracks
01:43 Orc Burrow
03:06 Stronghold
03:09 Voodoo Lounge
WESTEROS-KNIGHT (
teal | 67 APM | 335 actions | 05:01)
1 Archmage
1 Blizzard
» actions
| Assign group hotkey | 18 | |
| Basic commands | 4 | |
| Build / train | 22 | |
| Enter build submenu | 7 | |
| Enter hero's abilities submenu | 1 | |
| Give item / drop item | 1 | |
| Right click | 123 | |
| Select / deselect | 65 | |
| Select group hotkey | 81 | |
| Use ability | 13 | |
335 total
» units
» buildings
| Altar of Kings | 1 | |
| Barracks | 1 | |
| Farm | 4 | |
| Scout Tower | 1 | |
| Arcane Tower | 1 | |
8 total
» build order
00:08 Altar of Kings
00:21 Barracks
00:36 Farm
00:52 Farm
01:36 Farm
01:41 Scout Tower
02:14 Arcane Tower
03:05 Farm
team 2 (loser)

»
Itazo2 (
green | 66 APM | 342 actions | 05:08)
1 Shadow Hunter
1 Hex
» actions
| Assign group hotkey | 32 | |
| Basic commands | 52 | |
| Build / train | 15 | |
| Enter build submenu | 10 | |
| Enter hero's abilities submenu | 1 | |
| Right click | 76 | |
| Select / deselect | 82 | |
| Select group hotkey | 56 | |
| Use ability | 18 | |
342 total
» units
» buildings
| Stronghold | 1 | |
| Altar of Storms | 1 | |
| Orc Burrow | 3 | |
| Voodoo Lounge | 1 | |
| Beastiary | 2 | |
| War Mill | 1 | |
9 total
» build order
01:21 Stronghold
01:24 Altar of Storms
01:33 Orc Burrow
02:26 Voodoo Lounge
02:40 Orc Burrow
03:45 Beastiary
03:53 Beastiary
03:59 War Mill
04:18 Orc Burrow
Yaakov_sv (
yellow | 36 APM | 184 actions | 05:08)
2 Archmage
1 Summon Water Elemental
1 Brilliance Aura
» actions
| Assign group hotkey | 9 | |
| Build / train | 19 | |
| ESC pressed | 1 | |
| Enter build submenu | 11 | |
| Enter hero's abilities submenu | 2 | |
| Right click | 39 | |
| Select / deselect | 61 | |
| Select group hotkey | 26 | |
| Use ability | 16 | |
184 total
» units
» upgrades
» buildings
| Barracks | 1 | |
| Farm | 5 | |
| Altar of Kings | 1 | |
| Lumber Mill | 1 | |
| Arcane Vault | 1 | |
| Keep | 1 | |
| Blacksmith | 1 | |
11 total
» build order
00:19 Barracks
00:22 Farm
00:30 Altar of Kings
01:04 Farm
01:28 Lumber Mill
02:20 Farm
03:04 Arcane Vault
03:43 Keep
04:12 Farm
04:40 Blacksmith
05:01 Farm

»
Justin_Kimby (
blue | 24 APM | 123 actions | 05:08)
1 Demon Hunter
1 Immolation
» actions
| Build / train | 13 | |
| Enter build submenu | 9 | |
| Enter hero's abilities submenu | 1 | |
| Right click | 42 | |
| Select / deselect | 45 | |
| Use ability | 13 | |
123 total
» units
» upgrades
| Strength of the Wild | 1 | |
| Reinforced Hides | 1 | |
2 total
» buildings
| Moon Well | 2 | |
| Altar of Elders | 1 | |
| Tree of Ages | 1 | |
| Hunter's Hall | 1 | |
| Ancient of Wonders | 1 | |
| Ancient Protector | 2 | |
8 total
» build order
00:14 Moon Well
00:20 Altar of Elders
00:35 Moon Well
02:26 Tree of Ages
02:35 Hunter's Hall
03:38 Ancient of Wonders
04:34 Ancient Protector
05:01 Ancient Protector
TheHammer. (
red | 95 APM | 487 actions | 05:08)
2 Mountain King
1 Storm Bolt
1 Bash
» actions
| Assign group hotkey | 81 | |
| Basic commands | 3 | |
| Build / train | 25 | |
| Enter build submenu | 10 | |
| Enter hero's abilities submenu | 2 | |
| Give item / drop item | 1 | |
| Remove unit from queue | 1 | |
| Right click | 106 | |
| Select / deselect | 68 | |
| Select group hotkey | 155 | |
| Use ability | 35 | |
487 total
» units
» buildings
| Altar of Kings | 1 | |
| Barracks | 1 | |
| Farm | 4 | |
| Arcane Vault | 1 | |
| Scout Tower | 1 | |
| Arcane Tower | 3 | |
| Town Hall | 1 | |
12 total
» build order
00:53 Altar of Kings
00:56 Barracks
00:57 Farm
01:05 Farm
01:33 Arcane Vault
02:24 Farm
02:28 Scout Tower
02:51 Farm
03:08 Arcane Tower
03:08 Arcane Tower
03:08 Arcane Tower
04:50 Town Hall
» items
Chat log
(00:21 / All) TheHammer.: Yo Turncoat why the hell you avoiding us?
(00:42 / All) TheHammer.: I know your build order and that it's you nigger
(01:07 / All) WESTEROS-KNIGHT: game of thrones is sickkkkkkkkkkkkk
(01:17 / All) TheHammer.: Giving us the silent treatment ingame too?
(04:27 / All) TheHammer.: lmao
(04:38 / All) TheHammer.: that user is not logged on
(04:45 / All) TheHammer.: Turncoat is completely humiliated
(04:46 / All) WESTEROS-KNIGHT: he tried to repair lol
(05:01 / All) WESTEROS-KNIGHT: lets go on new account
(05:02 / All) TheHammer.: he must be so pissed